Map: Nightshade LE

Players

Josephx - Winner!

  • Race: Terran Terran
  • League: Silver
  • Spawn Location: 5:00

Ratl

  • Race: Protoss Protoss
  • League: Bronze
  • Spawn Location: 11:00

VOD

Have the link to the VOD?

Description

Time

  • Played on: Jan. 9, 2020, 4:25 p.m.
  • Length: 12:41
Show
View Real Time Build Order
Export as new Build Order

Josephx Terran - Winner!

Build Orders: Mech 

Get SALT Encoding   

  12  0:01  SCV  
  13  0:20  SCV, Supply Depot  
  14  0:32  SCV  
  15  0:43  Barracks  
  15  0:45  SCV  
  16  0:53  Supply Depot  
  16  0:54  Refinery  
  16  1:01  Refinery  
  17  1:04  SCV  
  17  1:16  SCV  
  18  1:28  SCV  
  19  1:36  Marine  
  20  1:43  Factory  
  20  1:51  SCV  
  21  1:55  Engineering Bay  
  21  2:06  Supply Depot  
  21  2:10  Marine  
  22  2:19  SCV  
  23  2:30  Missile Turret  
  23  2:31  SCV  
  23  2:32  Marine  
  23  2:35  Factory Tech Lab  
  25  2:51  Starport  
  25  2:56  Orbital Command  
  25  3:01  Marine  
  26  3:11  Siege Tank  
  29  3:24  SCV  
  30  3:29  Starport Tech Lab  
  30  3:33  Marine  
  27  3:48  Siege Tank  
  30  3:54  Command Center  
  30  4:00  Banshee  
  33  4:10  Marine  
  34  4:28  Marine, SCV  
  36  4:35  Cloaking Field  
  36  4:36  Supply Depot  
  36  4:46  Banshee  
  39  4:57  Supply Depot  
  39  4:58  Marine  
  40  5:01  Supply Depot  
  40  5:24  Missile Turret  
  40  5:28  Missile Turret  
  40  5:30  Missile Turret  
  40  5:33  Refinery  
  40  5:52  Refinery  
  40  5:57  Factory  
  40  5:59  Factory  
  40  6:00  Factory  
  40  6:02  Factory  
  40  6:05  SCV  
  40  6:06  SCV  
  42  6:17  SCV, Barracks Tech Lab  
  44  6:18  SCV  
  44  6:29  SCV  
  44  6:30  SCV  
  46  6:38  Supply Depot  
  46  6:40  Supply Depot  
  46  6:41  SCV  
  46  6:42  SCV  
  46  6:44  Factory Tech Lab  
  46  6:45  Factory Tech Lab x2  
  46  6:46  Factory Tech Lab  
  48  6:53  SCV  
  46  7:06  Armory  
  46  7:09  Armory  
  42  7:22  Siege Tank  
  45  7:26  Siege Tank x2  
  51  7:55  Combat Shield  
  51  8:32  Thor x2  
  63  9:00  Thor  
  63  9:30  Marauder  
  65  9:52  Marauder  
  67  9:54  Refinery  
  67  9:59  Thor  
  69  10:11  Terran Vehicle Weapons Level 1  
  69  10:13  Marauder  
  71  10:37  Orbital Command  
  71  10:39  Missile Turret x2  
  71  10:44  Thor  
  77  11:00  Missile Turret  
  77  11:05  Marauder  
  77  11:11  Barracks  
  79  11:22  Command Center  
  79  11:26  Marauder  
  79  11:29  SCV  
  82  11:42  SCV  
  93  12:35  Refinery  
Show
View Real Time Build Order
Export as new Build Order

Ratl Protoss 

Build Orders: Double Forge 

Get SALT Encoding   

  12  0:01  Probe  
  13  0:13  Probe  
  14  0:24  Pylon  
  14  0:26  Probe (Chrono Boost)  
  15  0:41  Probe (Chrono Boost)  
  16  0:43  Gateway  
  16  0:54  Probe  
  17  1:00  Assimilator  
  17  1:06  Probe (Chrono Boost)  
  18  1:14  Gateway  
  18  1:17  Probe (Chrono Boost)  
  19  1:21  Probe (Chrono Boost)  
  20  1:25  Assimilator  
  20  1:33  Probe  
  21  1:45  Probe  
  21  1:46  Cybernetics Core  
  21  1:57  Probe  
  22  2:04  Pylon  
  22  2:22  Pylon  
  22  2:26  Warp Gate (Chrono Boost)  
  22  2:27  Stalker x2  
  26  2:42  Gateway x2  
  26  2:46  Forge  
  26  3:09  Stalker x2  
  30  3:15  Forge  
  30  3:18  Pylon  
  30  3:40  Protoss Ground Armor Level 1 (Chrono Boost)  
  30  3:45  Protoss Ground Weapons Level 1 (Chrono Boost)  
  30  3:55  Probe  
  31  4:09  Stalker  
  33  4:10  Stalker x3  
  39  4:37  Twilight Council  
  39  4:38  Gateway  
  39  4:40  Gateway  
  39  5:00  Robotics Facility  
  39  5:02  Pylon  
  39  5:04  Zealot  
  41  5:08  Zealot  
  43  5:19  Charge  
  43  5:39  Protoss Ground Weapons Level 2 (Chrono Boost)  
  43  5:48  Protoss Ground Armor Level 2 (Chrono Boost)  
  43  5:49  Warp Prism  
  45  5:59  Stalker  
  47  6:06  Zealot  
  49  6:17  Probe  
  50  6:29  Probe  
  51  6:41  Probe  
  52  6:47  Nexus  
  52  6:53  Probe  
  51  7:05  Warp Prism  
  47  7:38  Probe (Chrono Boost)  
  47  7:42  Stalker x3  
  54  7:49  Probe (Chrono Boost), Pylon  
  55  7:52  Pylon  
  55  8:00  Probe (Chrono Boost)  
  55  8:02  Probe (Chrono Boost)  
  57  8:10  Probe (Chrono Boost)  
  59  8:13  Probe (Chrono Boost)  
  59  8:19  Stalker x2  
  54  8:22  Probe  
  48  8:30  Observer  
  49  8:40  Probe  
  49  8:41  Probe  
  42  8:50  Shield Battery  
  42  8:53  Probe x2  
  34  9:23  Probe (Chrono Boost)  
  35  9:27  Probe (Chrono Boost)  
  35  9:35  Probe (Chrono Boost)  
  37  9:39  Probe (Chrono Boost)  
  37  9:40  Probe (Chrono Boost)  
  38  9:46  Observer  
  33  9:59  Stalker  
  19  10:08  Observer  
  19  10:11  Probe (Chrono Boost)  
  19  10:12  Probe (Chrono Boost)  
  22  10:20  Probe (Chrono Boost)  
  22  10:21  Probe (Chrono Boost)  
  24  10:28  Probe (Chrono Boost)  
  26  10:30  Probe (Chrono Boost)  
  26  10:37  Probe (Chrono Boost)  
  26  10:39  Probe (Chrono Boost), Zealot  
  30  10:43  Probe (Chrono Boost)  
  30  10:49  Probe (Chrono Boost)  
  32  10:55  Probe (Chrono Boost)  
  34  10:57  Probe (Chrono Boost)  
  34  10:59  Probe (Chrono Boost)  
  34  11:03  Probe  
  35  11:05  Assimilator  
  35  11:07  Assimilator  
  35  11:09  Probe  
  37  11:16  Probe  
  38  11:20  Stalker  
  38  11:21  Probe  
  41  11:33  Probe  
  41  11:35  Probe  
  43  11:40  Stalker x2  
  43  11:45  Probe  
  48  11:47  Probe  
  49  11:56  Stalker  
  49  11:57  Probe, Stalker  
  49  11:58  Stalker  
  49  11:59  Probe  
  57  12:09  Probe  
  54  12:15  Stalker  
  54  12:16  Stalker  
  54  12:31  Stalker x2  
  54  12:32  Stalker  
Tags
 
Composition
Mech
Matchup
PvT
Spawn Locations
Cross Positions
Add a new tag
Caveats
  • Supply blocks, unpowered buildings, or Contaminate may cause inaccurate times.
  • Supply counts are checked every 10 seconds.